 Dungeon Sprint DCSS version 0.31-a0-1-g4198be8af4 (webtiles) character file.

Game seed: 1693855968767588986

44 rocky1 the Magician (level 3, -3/20 HPs)
             Began as a Deep Elf Earth Elementalist on May 1, 2023.
             Was a Believer of Sif Muna.
             Slain by a gnoll sergeant
             ... wielding a +0 spear
              (9 damage)
             ... in the Dungeon (Sprint VII: "The Pits").
             The game lasted 00:03:08 (380 turns).

rocky1 the Magician (Deep Elf Earth Elementalist)    Turns: 380, Time: 00:03:08

Health: -3/20      AC:  2    Str:  5    XL:     3   Next: 39%
Magic:  5/10       EV: 13    Int: 21    God:    Sif Muna [**....]
Gold:   0          SH:  0    Dex: 15    Spells: 9/10 levels left

rFire   . . .        (no weapon)
rCold   . . .        (no shield)
rNeg    . . .        a - +0 robe
rPois   .            (no helmet)
rElec   .            (no cloak)
rCorr   .            (no gloves)
SInv    .            (no boots)
Will    .....        (no amulet)
Stlth   ++           (no ring)
HPRegen 0.23/turn    (no ring)
MPRegen 0.12/turn

%: no teleportation
@: no status effects
A: no striking features
a: Renounce Religion, Channel Magic


You were in the Dungeon.
You worshipped Sif Muna.
Sif Muna was pleased with you.
You visited 1 branch

Inventory:

Armour
 a - a +0 robe (worn)
Scrolls
 g - a scroll of blinking
 i - 5 scrolls of amnesia
Potions
 b - 4 potions of magic
 e - a potion of haste
 f - 3 potions of berserk rage
 h - 2 potions of invisibility


   Skills:
 + Level 1.4 Fighting
 + Level 3.4 Dodging
 - Level 2.4 Stealth
 + Level 4.1 Spellcasting
 + Level 2.0 Conjurations
 + Level 2.0 Summonings
 + Level 2.4 Transmutations
 + Level 2.0 Fire Magic
 + Level 1.7 Air Magic
 + Level 4.0 Earth Magic
 + Level 2.0 Invocations


You had 9 spell levels left.
You knew the following spells:

 Your Spells              Type           Power      Damage    Failure   Level
a - Sandblast             Erth           42%        2d11      2%          1

Your spell library contained the following spells:

 Spells                   Type           Power      Damage    Failure   Level
 Passwall                 Tmut/Erth      14%        N/A       4%          2
 Stone Arrow              Conj/Erth      34%        3d9       11%         3
 Petrify                  Tmut/Erth      17%        N/A       30%         4


Dungeon Overview and Level Annotations

Branches:
Dungeon (1/1)

Altars:
Ashenzari
Cheibriados
Dithmenos
Elyvilon
Fedhas
Gozag
Hepliaklqana
Kikubaaqudgha
Makhleb
Nemelex Xobeh
Okawaru
Qazlal
Ru
Sif Muna
Trog
Uskayaw
Vehumet
Wu Jian
Xom
Yredelemnul
Zin
The Shining One
Jiyva
Lugonu


Message History

The gnoll is almost dead.
Your small abomination hits the gnoll!!
The gnoll dies!
Sif Muna accepts your kill.
The gnoll hits you from afar with a +0 spear.
Your small abomination barely misses the gnoll.
The gnoll hits you from afar with a +0 spear.
* * * LOW HITPOINT WARNING * * *
The gnoll sergeant closely misses your small abomination.
Your Spellcasting skill increases to level 4!
You have reached level 3!
Your experience leads to an increase in your attributes!
Increase (S)trength, (I)ntelligence, or (D)exterity?
You feel clever. x2
Unknown command.
Okay, then.
Your small abomination hits the gnoll.
The gnoll dies!
Sif Muna accepts your kill.
Your small abomination barely misses the gnoll sergeant.
Your Conjurations skill increases to level 2!
Your Summonings skill increases to level 2!
Your Fire Magic skill increases to level 2!
Your Earth Magic skill increases to level 4!
Your Invocations skill increases to level 2!
Unknown command.
Aiming: Sandblast (safe; 2% risk of failure)
Press: ? - help, Q - select action, (/) - cycle Shift-Dir - straight line, f - gnoll sergeant
Aim: a gnoll sergeant, wielding a +0 spear and wearing a +0 scale mail (ally target, 87% to hit)
The blast of sand hits the gnoll sergeant but does no damage.
Your small abomination barely misses the gnoll sergeant.
Your small abomination hits the gnoll sergeant!
Aiming: Sandblast (safe; 2% risk of failure)
Press: ? - help, Q - select action, (/) - cycle Shift-Dir - straight line, f/p - gnoll sergeant
Aim: a gnoll sergeant, wielding a +0 spear and wearing a +0 scale mail (severely wounded, ally target, 87% to hit)
The blast of sand hits the gnoll sergeant but does no damage.
The gnoll sergeant is severely wounded.
A gnoll comes into view. It is wielding a +0 whip.
The gnoll sergeant hits you from afar with a +0 spear!
You die...

_________.#
_______...#########
##########'##.......
#.?(.')))'.##......#
##########.##.......
#...........'.......
#+#####÷#####......#
#..#..# #.......
#@.†..# ####'###
#..#### #.......
#g†# #....... #gx#
#....... ##)#
#...<... ..o
#....... #..g.
#....... ######
#....... ########


You could see a gnoll sergeant (ally target), 2 gnolls, an orc and a friendly
small abomination (summoned).

Vanquished Creatures
  An adder (D)
  A river rat (D)
  A hobgoblin (D)
  2 jackals (D)
  A frilled lizard (D)
  A quokka skeleton (D)
7 creatures vanquished.

Vanquished Creatures (collateral kills)
  2 gnolls (D)
2 creatures vanquished.

Grand Total: 9 creatures vanquished

Notes
Turn   | Place    | Note
-------+----------+-------------------------------------------
     0 | D        | rocky1 the Deep Elf Earth Elementalist began the quest for
                  | the Orb.
     0 | D        | Reached XP level 1. HP: 10/10 MP: 6/6
    18 | D        | Found a bloodstained altar of Trog.
    18 | D        | Found a shimmering blue altar of Sif Muna.
    18 | D        | Found a viscous altar of Jiyva.
    18 | D        | Found a hazy altar of Hepliaklqana.
    18 | D        | Found an opulent altar of Gozag.
    19 | D        | Found a glowing golden altar of the Shining One.
    19 | D        | Found a glowing silver altar of Zin.
    19 | D        | Found a basalt altar of Yredelemnul.
    19 | D        | Found a shimmering altar of Xom.
    19 | D        | Found an ornate altar of the Wu Jian Council.
    19 | D        | Found a sacrificial altar of Ru.
    19 | D        | Found a stormy altar of Qazlal.
    19 | D        | Found an iron altar of Okawaru.
    19 | D        | Found a sparkling altar of Nemelex Xobeh.
    19 | D        | Found a burning altar of Makhleb.
    19 | D        | Found a blossoming altar of Fedhas.
    19 | D        | Found a white marble altar of Elyvilon.
    19 | D        | Found a shadowy altar of Dithmenos.
    19 | D        | Found a snail-covered altar of Cheibriados.
    22 | D        | Found a corrupted altar of Lugonu.
    22 | D        | Found a radiant altar of Vehumet.
    23 | D        | Found an ancient bone altar of Kikubaaqudgha.
    23 | D        | Found a hide-covered altar of Uskayaw.
    23 | D        | Found a broken altar of Ashenzari.
    24 | D        | Became a worshipper of Sif Muna the Loreminder
    66 | D        | Reached * piety under Sif Muna
    67 | D        | Reached skill level 1 in Conjurations
    67 | D        | Reached skill level 1 in Summonings
    67 | D        | Reached skill level 1 in Fire Magic
    67 | D        | Reached skill level 1 in Air Magic
    67 | D        | Reached skill level 1 in Invocations
    67 | D        | Reached XP level 2. HP: 5/16 MP: 4/8
   225 | D        | Reached skill level 1 in Fighting
   364 | D        | Reached ** piety under Sif Muna
   375 | D        | Noticed a gnoll sergeant
   378 | D        | Reached XP level 3. HP: 5/20 MP: 7/10
   380 | D        | Slain by a gnoll sergeant

Illustrated notes

Levels and vault maps discovered:
D:        pitsprint [storerooms_1, entrance_room_1, metal_vault_2, armoury_2,
          mini_pit_1, grid_room_1, main_hall_1, silver_pit, the_coven_3,
          the_vestibule_1, steel_vault_3, golden_pit, hallway_of_sentries,
          crystal_vault_1, iron_vault_1, final_vault]

Skill      XL: |  1  2  3 |
---------------+----------+-----
Conjurations   | 1 2 |  2.0
Summonings     | 1 2 |  2.0
Fire Magic     | 1 2 |  2.0
Air Magic      | 1 |  1.7
Invocations    | 1 2 |  2.0
Dodging        | 3 |  3.4
Fighting       | 1 |  1.4
Transmutations | 2 |  2.4
Spellcasting   | 4 |  4.1
Earth Magic    | 4 |  4.0
Stealth        | |  2.4

Action                     || total
---------------------------++-------
   Cast: Sandblast         ||    16
    Use: Potion            ||     3
         Scroll            ||     1
 Armour: Robe              ||     2
  Dodge: Dodged            ||     9

Table legend: (Time is in decaauts)
 A = Elapsed time spent in this place.
 B = Non-inter-level travel time spent in this place.
 C = Inter-level travel time spent in this place.
 D = Time resting spent in this place.
 E = Time spent auto-exploring this place.
 F = Levels seen in this place.
 G = Mean time per level.
                   A        B        C        D        E       F      G
               +--------+--------+--------+--------+--------+-----+--------+
         Total |    387 |    387 |      0 |    289 |      0 |   1 |  387.0 |
       Dungeon |    387 |    387 |      0 |    289 |      0 |   1 |  387.0 |
               +--------+--------+--------+--------+--------+-----+--------+

Top non-repeatable levels by time:
       D: 387 daAuts
